 Dungeon Crawl Stone Soup version 0.25-a0-1079-g858b6a6ff6 (webtiles) character file.

Game seed: 2897877546793476200, levelgen mode: deterministic

12728 vurker the Slicer (level 11, -10/60 HPs)
             Began as a Vine Stalker Assassin on May 15, 2020.
             Was a Follower of Uskayaw.
             Mangled by a white ugly thing (22 damage)
             ... on level 11 of the Dungeon.
             The game lasted 00:23:35 (9499 turns).

vurker the Slicer (Vine Stalker Assassin)           Turns: 9499, Time: 00:23:36

Health: -10/60     AC: 13    Str: 23    XL:     11   Next: 97%
Magic:  0/18       EV: 14    Int: 17    God:    Uskayaw [*.....]
Gold:   287        SH:  0    Dex: 16    Spells: 10/10 levels left

rFire    + . .     SeeInvis .   a - +0 short sword (elec)
rCold    . . .     Gourm    .   (no shield)
rNeg     . . .     Faith    .   w - +2 ring mail {rF+}
rPois    .         Spirit   +   (no helmet)
rElec    .         Reflect  .   c - +0 cloak
rCorr    .         Harm     .   J - +2 pair of gloves
MR       +....                  o - +0 pair of boots
Stlth    ++........             (no amulet)
HPRegen  0.60/turn              n - +6 ring of intelligence
MPRegen  0.16/turn              A - +6 ring of strength

@: studying Short Blades
A: fangs 3, regeneration 1, magic shield, antimagic bite, no potion heal 3, rot
immunity
a: Stomp, Renounce Religion


You were on level 11 of the Dungeon.
You worshipped Uskayaw.
Uskayaw was aware of your devotion.
You were not hungry.

You visited 1 branch of the dungeon, and saw 11 of its levels.

You collected 539 gold pieces.
You spent 252 gold pieces at shops.

Inventory:

Hand Weapons
 a - a +0 short sword of electrocution (weapon)
   (You took it off a kobold on level 2 of the Dungeon)
 b - a +2 dagger of flaming
   (You took it off an orc wizard on level 3 of the Dungeon)
 E - a +2 dagger of venom
   (You took it off an orc priest on level 9 of the Dungeon)
Missiles
 d - 15 poisoned darts
 f - a curare-tipped dart (quivered)
Armour
 c - a +0 cloak (worn)
 o - a +0 pair of boots (worn)
   (You found it on level 7 of the Dungeon)
 w - a +2 ring mail of fire resistance (worn)
   (You took it off an orc on level 5 of the Dungeon)
 J - a +2 pair of gloves (worn)
   (You found it on level 10 of the Dungeon)
Jewellery
 n - a +6 ring of intelligence (left hand)
   (You found it on level 2 of the Dungeon)
 A - a +6 ring of strength (right hand)
   (You found it on level 7 of the Dungeon)
Wands
 j - a wand of polymorph (6)
   (You found it on level 5 of the Dungeon)
 t - a wand of flame (49)
   (You found it on level 6 of the Dungeon)
 u - a wand of paralysis (9)
   (You found it on level 6 of the Dungeon)
 x - a wand of acid (16)
   (You found it on level 9 of the Dungeon)
Scrolls
 g - 3 scrolls of fog
 h - 3 scrolls of magic mapping
 l - 2 scrolls of blinking
 m - 5 scrolls of teleportation
 y - a scroll of immolation
 z - 3 scrolls of fear
 B - 2 scrolls of remove curse
 D - a scroll of brand weapon {unknown}
 H - a scroll of torment {unknown}
 K - 4 scrolls of enchant armour {unknown}
Potions
 i - a potion of cancellation
 p - 5 potions of curing
 q - 2 potions of resistance
 v - 2 potions of haste
 C - 4 potions of flight
 F - a potion of mutation
 I - a potion of ambrosia
Books
 k - a manual of Short Blades
   (You found it on level 4 of the Dungeon)
Miscellaneous
 G - a lightning rod (4/4)
   (You found it on level 9 of the Dungeon)
Comestibles
 e - 21 rations
 r - 4 chunks of flesh


   Skills:
 + Level 8.3 Fighting
 + Level 13.3 Short Blades
 - Level 1.7 Throwing
 + Level 5.3 Armour
 + Level 5.4 Dodging
 - Level 4.8 Stealth
 + Level 8.2 Invocations


You had 10 spell levels left.
You didn't know any spells.
Your spell library contained the following spells:

 Spells                   Type           Power        Failure   Level  Hunger
 Animate Skeleton         Necr           N/A          34%         1    ##.....
 Apportation              Tloc           #.....       34%         1    ##.....
 Beastly Appendage        Tmut           #.....       34%         1    ##.....
 Corona                   Hex            #......      34%         1    ##.....
 Infusion                 Chrm           #...         34%         1    ##.....
 Summon Small Mammal      Summ           #...         34%         1    ##.....
 Shroud of Golubria       Chrm/Tloc      #.....       47%         2    ###....
 Song of Slaying          Chrm           #.......     47%         2    ###....
 Sticks to Snakes         Tmut           #.......     47%         2    ###....
 Ozocubu's Armour         Chrm/Ice       #.......     71%         3    ####...
 Spectral Weapon          Hex/Chrm       #.......     71%         3    ####...
 Spider Form              Tmut/Pois      #.........   71%         3    ####...
 Ice Form                 Ice/Tmut       #.......     98%         4    #####..
 Blade Hands              Tmut           #.........   100%        5    ######.


Dungeon Overview and Level Annotations

Branches:
Dungeon (11/15)            Temple (0/1) D:5            Lair (0/6) D:10
    Orc: D:9-12

Altars:
Ashenzari
Cheibriados
Elyvilon
Fedhas
Kikubaaqudgha
Makhleb
Okawaru
Qazlal
Ru
Sif Muna
Uskayaw
Vehumet
Xom
The Shining One

Shops:
D:5 }   D:6 ?   D:7 !   D:10 *

Annotations:
D:7 , 3 runed translucent doors, FrogZ's ghost, novice MiBe


Innate Abilities, Weirdness & Mutations

You have razor-sharp teeth.
Your natural rate of healing is unusually fast.
When hurt, damage is shared between your health and your magic reserves.
Your bite disrupts and absorbs the magic of your enemies.
Potions cannot restore your health.
You are immune to rotting.


Message History

You open the large door.
A bullfrog and an ugly thing come into view.
There are monsters nearby!
A white ugly thing comes into view.
There is a large open door here.
The bullfrog gives a loud, deep croak!
You hit the white ugly thing. You closely miss the white ugly thing.
Your bite misses the white ugly thing.
The white ugly thing stings you but does no damage.
You hit the white ugly thing but do no damage.
Lightning courses through the white ugly thing!
You bite the white ugly thing. You drain its power.
The white ugly thing barely misses you. The bullfrog hits you.
You see here an ugly thing corpse.
You hit the bullfrog. Lightning courses through the bullfrog!
You bite the bullfrog!
You kill the bullfrog!
You can now pass through a line of other dancers.
You puncture the white ugly thing!
Lightning courses through the white ugly thing!
You bite the white ugly thing! You drain its power.
You feel invigorated.
You closely miss the white ugly thing. The white ugly thing stings you!
The white ugly thing freezes you!
You hit the white ugly thing but do no damage.
You hit the white ugly thing. You bite the white ugly thing.
You drain its power.
You feel invigorated. The white ugly thing stings you.
The white ugly thing freezes you!!
* * * LOW HITPOINT WARNING * * *
Throwing (i - inventory. (/) - cycle)
f - 2 curare-tipped darts (quivered)
Aim: a white ugly thing (severely wounded)
You throw a curare-tipped dart.
The curare-tipped dart closely misses the white ugly thing.
The curare-tipped dart barely misses the brown ugly thing.
The brown ugly thing basks in the mutagenic energy from its kin and changes!
The white ugly thing stings you.
* * * LOW HITPOINT WARNING * * *
The white ugly thing freezes you!!
* * * LOW HITPOINT WARNING * * *
A vampire mosquito comes into view.
The white ugly thing basks in the mutagenic energy from its kin and changes!
A wolf comes into view. x2
The wolf moves out of view.
You can no longer pass through a line of other dancers.
The red ugly thing basks in the mutagenic energy from its kin and changes!
There is a stone staircase leading up here.
The white ugly thing trunk-slaps you!
* * * LOW HITPOINT WARNING * * *
The white ugly thing freezes you!!
You die...

#.........#
####.....##
#......#####
##...##(....#
#..#....###. ###
####.#####...# ...#
#....# ###.###..#
####.#### ###.#...#
.....## ###.uu@.#
###.?.#####...#..##
###.#............#
....#####.####...##
#########.###..#..##
#....##.รท###..#
#.####..## ##.#
###.##...### #.#
####..........####.#


You could see 2 ugly things.

Vanquished Creatures
  A centaur warrior (D:10)
  An ugly thing (D:11)
  A centaur zombie (D:11)
  A gargoyle (D:10)
  3 trolls
  A queen bee (D:9)
  A hippogriff (D:9)
  Sigmund (D:5)
  A wyvern (D:11)
  13 yaks
  3 hungry ghosts
  A steam dragon (D:9)
  Duvessa (D:6)
  3 phantoms
  4 orc warriors
  3 porcupines
  A black bear (D:9)
  3 ice beasts
  5 sky beasts
  A necrophage (D:8)
  7 centaurs
  4 ogres
  6 crocodiles
  7 bullfrogs
  5 scorpions
  Dowan (D:6)
  33 killer bees
  6 wights
  2 howler monkeys
  3 electric eels (D:7)
  2 bullfrog zombies
  3 crimson imps
  3 jellies
  6 hounds
  4 orc priests
  4 orc wizards
  3 iguanas
  Ijyb (D:5)
  3 bullfrog skeletons
  10 worker ants
  16 adders
  A gnoll (D:5)
  A howler monkey skeleton (D:9)
  4 oozes
  An adder zombie (D:6)
  3 adder skeletons
  3 worms
  5 dart slugs
  8 leopard geckos
  33 orcs
  3 ball pythons
  7 bats
  5 giant cockroaches
  5 goblins
  9 hobgoblins
  10 jackals
  8 kobolds
  4 quokkas
  3 frilled lizards
  A quokka skeleton (D:6)
  11 rats
  A plant (D:5)
304 creatures vanquished.

Vanquished Creatures (others)
  An orc wizard (D:3)
  A fungus (D:10)
  A plant (D:5)
3 creatures vanquished.

Grand Total: 307 creatures vanquished

Notes
Turn   | Place    | Note
-------+----------+-------------------------------------------
     0 | D:1      | vurker the Vine Stalker Assassin began the quest for the
                  | Orb.
     0 | D:1      | Reached XP level 1. HP: 11/11 MP: 2/2
    72 | D:1      | Reached skill level 2 in Short Blades
   144 | D:1      | Reached XP level 2. HP: 15/15 MP: 3/3
  1028 | D:2      | Reached XP level 3. HP: 17/18 MP: 4/4
  1187 | D:2      | Reached skill level 3 in Short Blades
  1187 | D:2      | Gained mutation: Your natural rate of healing is unusually
                  | fast. [Vine Stalker growth]
  1187 | D:2      | Reached XP level 4. HP: 5/23 MP: 3/5
  1259 | D:2      | Found a shattered altar of Ashenzari.
  1444 | D:2      | Reached skill level 4 in Short Blades
  1444 | D:2      | Reached XP level 5. HP: 22/28 MP: 3/6
  2092 | D:3      | Found a faded altar of an unknown god.
  2092 | D:3      | Found a hide-covered altar of Uskayaw.
  2111 | D:3      | Found an iron altar of Okawaru.
  2114 | D:3      | Became a worshipper of Uskayaw the Reveler
  2117 | D:3      | Found a burning altar of Makhleb.
  2119 | D:3      | Found a sacrificial altar of Ru.
  2362 | D:3      | Found a radiant altar of Vehumet.
  2363 | D:3      | Found a shimmering blue altar of Sif Muna.
  2428 | D:3      | Reached * piety under Uskayaw
  2435 | D:3      | Reached ** piety under Uskayaw
  2488 | D:3      | Reached XP level 6. HP: 31/32 MP: 5/7
  2509 | D:3      | Reached skill level 1 in Invocations
  2643 | D:4      | Reached skill level 5 in Short Blades
  2646 | D:4      | Reached *** piety under Uskayaw
  2652 | D:4      | Reached **** piety under Uskayaw
  2654 | D:4      | Reached XP level 7. HP: 3/37 MP: 1/9
  2659 | D:4      | Reached ***** piety under Uskayaw
  3278 | D:4      | Found an ancient bone altar of Kikubaaqudgha.
  3279 | D:4      | Found a blossoming altar of Fedhas.
  3418 | D:5      | Entered Level 5 of the Dungeon
  3441 | D:5      | Found a staircase to the Ecumenical Temple.
  3465 | D:5      | Reached skill level 6 in Short Blades
  3559 | D:5      | Found Otwon's Gadget Shop.
  3658 | D:5      | Noticed Sigmund
  3697 | D:5      | Reached skill level 7 in Short Blades
  3697 | D:5      | Gained mutation: You have razor-sharp teeth. [Vine Stalker
                  | growth]
  3697 | D:5      | Reached XP level 8. HP: 42/42 MP: 11/11
  3721 | D:5      | Noticed Ijyb
  3731 | D:5      | Killed Ijyb
  3772 | D:5      | Killed Sigmund
  3868 | D:5      | Reached skill level 8 in Short Blades
  4143 | D:5      | Reached skill level 5 in Fighting
  4879 | D:6      | Found Miomp's Magic Scroll Emporium.
  4882 | D:6      | Bought a scroll of remove curse for 42 gold pieces
  4882 | D:6      | Bought a scroll of identify for 28 gold pieces
  4882 | D:6      | Bought a scroll of identify for 28 gold pieces
  4882 | D:6      | Bought a scroll of immolation for 49 gold pieces
  4899 | D:6      | Noticed Dowan
  4920 | D:6      | Reached skill level 9 in Short Blades
  4923 | D:6      | Killed Dowan
  4941 | D:6      | Noticed Duvessa
  5057 | D:6      | Killed Duvessa
  5061 | D:6      | Reached XP level 9. HP: 41/47 MP: 13/13
  5157 | D:6      | Found a shimmering altar of Xom.
  5205 | D:6      | Found a snail-covered altar of Cheibriados.
  5315 | D:6      | Found a glowing golden altar of the Shining One.
  5358 | D:6      | Reached skill level 1 in Dodging
  5378 | D:5      | Reached skill level 10 in Short Blades
  5486 | D:6      | Reached skill level 5 in Invocations
  5513 | D:6      | Found a white marble altar of Elyvilon.
  5754 | D:7      | Reached skill level 1 in Armour
  5930 | D:6      | Bought a scroll of blinking for 105 gold pieces
  5961 | D:7      | Found a transporter.
  5998 | D:7      | Found a transporter.
  6086 | D:7      | Found a blossoming altar of Fedhas.
  6382 | D:7      | Found Vithe's Distillery.
  6390 | D:7      | Found a runed translucent gate.
  6390 | D:7      | Found a runed translucent gate.
  6390 | D:7      | Found a runed translucent gate.
  6392 | D:7      | Noticed FrogZ's ghost (novice MiBe)
  6655 | D:8      | Reached skill level 11 in Short Blades
  6673 | D:8      | Got a distressingly furry robe
  6717 | D:8      | Identified the +2 robe of the Zebra {rF+ Dex+4} (You found
                  | it on level 8 of the Dungeon)
  6913 | D:8      | Reached XP level 10. HP: 50/53 MP: 13/15
  7518 | D:8      | Reached skill level 12 in Short Blades
  7920 | D:9      | Found a stormy altar of Qazlal.
  8012 | D:9      | Reached XP level 11. HP: 47/58 MP: 15/17
  8137 | D:9      | Reached ****** piety under Uskayaw
  8462 | D:10     | Entered Level 10 of the Dungeon
  8462 | D:10     | Found a staircase to the Lair.
  8734 | D:10     | Reached skill level 13 in Short Blades
  8825 | D:10     | Noticed a centaur warrior
  8833 | D:10     | Found Foisewn's General Store.
  8954 | D:10     | Killed a centaur warrior
  8954 | D:10     | Reached skill level 5 in Armour
  8954 | D:10     | Reached skill level 5 in Dodging
  9426 | D:11     | Noticed a purple ugly thing
  9438 | D:11     | Killed a purple ugly thing
  9452 | D:11     | Noticed a brown ugly thing
  9453 | D:11     | Noticed a white ugly thing
  9466 | D:11     | HP: 2/60 [white ugly thing (16)]
  9499 | D:11     | Mangled by a white ugly thing

Illustrated notes

Levels and vault maps discovered:
D:1:      dpeg_arrival_brainrot, layout_basic
D:2:      layout_loops_ring, old_standard_altar, minmay_nonomino_d4
D:3:      layout_loops_ring, gammafunk_temple_overflow_pools,
          chequers_temple_overflow_minitemple, serial_glass, glass_columns_b,
          glass_columns_b
D:4:      layout_loops_cross, grunt_temple_overflow_growth_and_decay,
          first_ration, minmay_manual_mares
D:5:      layout_loops_ring, minmay_temple_entry_glass, serial_shops,
          nicolae_shop_stone, serial_bayou, serial_bayou_shore_b,
          serial_bayou_lake_a, serial_bayou_pond_c, serial_bayou_lagoon_a,
          sigmund_army, uniq_sigmund, uniq_ijyb
D:6:      layout_rooms, tgw_xom, cheibriados_altar_1, tso_oasis_becter,
          serial_shops, nicolae_shop_behind_doors, elyvilon_altar_1,
          uniq_duvessa
D:7:      gammafunk_steamed_eel, layout_loops_ring, serial_shops, shop,
          gammafunk_ghost_split, fedhas_bush_and_centaur_altar
D:8:      layout_basic
D:9:      layout_basic, nicolae_qazlal_eye_of_the_storm, grunt_ogre_cave,
          minivault_7
D:10:     layout_rooms, minmay_lair_entry_grove, minmay_misc_feat_more_columns,
          kennysheep_windowed_goal
D:11:     layout_rooms, hangedman_corner_corridor, uniq_grum

Skill      XL: |  1  2  3  4  5  6  7  8  9 10 11 |
---------------+----------------------------------+-----
Short Blades   | 2 3 4 5 7 9 11 12 13 | 13.3
Fighting       | 2 3 4 5 6 7 8 |  8.3
Invocations    | 2 3 4 5 6 8 |  8.2
Dodging        | 2 4 5 |  5.4
Armour         | 2 3 5 |  5.3
Throwing       | |  1.7
Stealth        | |  4.8

Action                   |  1- 3 |  4- 6 |  7- 9 | 10-12 || total
-------------------------+-------+-------+-------+-------++-------
Melee: Dagger            |   112 |    81 |    13 |       ||   206
       Bite              |    22 |    47 |   122 |   132 ||   323
       Short sword       |       |   100 |   368 |   397 ||   865
Throw: Dart              |       |       |     3 |     2 ||     5
Invok: Stomp             |       |     1 |     1 |       ||     2
Evoke: Wand              |       |       |     5 |       ||     5
  Use: Potion            |     1 |       |       |     1 ||     2
       Scroll            |       |     6 |     9 |     5 ||    20
 Stab: Sleeping          |     2 |       |     3 |     7 ||    12
       Paralysed         |       |     1 |     4 |    30 ||    35
  Eat: Chunk             |     1 |     5 |    14 |    11 ||    31
Armor: Leather armour    |     3 |       |       |       ||     3
       Chain mail        |    43 |    98 |   100 |       ||   241
       Skin              |    16 |       |       |       ||    16
       Ring mail         |       |       |    59 |   118 ||   177
Dodge: Dodged            |    47 |    50 |   112 |   225 ||   434

Table legend:
 A = Non-vault XP
 B = Vault XP
 C = Vault XP percentage of total XP
 D = Non-vault monster count
 E = Vault monster count
 F = Vault count percentage of total count
                 A         B        C        D         E       F
            +---------+---------+-------+---------+---------+-------
      Total |   13711 |    4473 |  24.6 |     245 |      59 |  19.4
            +---------+---------+-------+---------+---------+-------
        D:1 |      25 |       0 |   0.0 |      15 |       0 |   0.0
        D:2 |     175 |      12 |   6.4 |      31 |       6 |  16.2
        D:3 |     161 |       0 |   0.0 |      25 |       0 |   0.0
        D:4 |     173 |     228 |  56.9 |      19 |       2 |   9.5
        D:5 |     800 |     280 |  25.9 |      21 |       6 |  22.2
        D:6 |     927 |     225 |  19.5 |      19 |       6 |  24.0
        D:7 |     862 |     270 |  23.9 |      22 |       4 |  15.4
        D:8 |    2003 |       0 |   0.0 |      22 |       0 |   0.0
        D:9 |    3898 |    2472 |  38.8 |      41 |      25 |  37.9
       D:10 |    3028 |     986 |  24.6 |      23 |      10 |  30.3
       D:11 |    1659 |       0 |   0.0 |       7 |       0 |   0.0
            +---------+---------+-------+---------+---------+-------
